 Dungeon Crawl Stone Soup version 0.19-a0-1494-gdfa627f (webtiles) character file.

131 puppykicker the Gusty (level 5, -2/30 HPs)
             Began as a Gargoyle Air Elementalist on Sept 10, 2016.
             Slain by an iguana (6 damage)
             ... on level 3 of the Dungeon.
             The game lasted 00:11:39 (3157 turns).

puppykicker the Gusty (Gargoyle Air Elementalist)   Turns: 3157, Time: 00:11:40

Health: -2/30      AC:  7    Str: 12    XL:     5   Next: 14%
Magic:  0/8        EV: 12    Int: 16    God:
Gold:   91         SH:  0    Dex: 10    Spells: 3 memorised, 3 levels left

rFire  . . .     SeeInvis .     j - +0 mace
rCold  . . .     Gourm    .     a - +0 robe
rNeg   + . .     Faith    .     (no shield)
rPois  ∞         Spirit   .     (no helmet)
rElec  +         Dismiss  .     t - +0 cloak
rCorr  .         Reflect  .     (no gloves)
MR     .....     Harm     .     (no boots)
Stlth  ++........ Rnd*Tele +    o - amulet of inaccuracy (curse)
                                (no ring)
                                u - ring of teleportation (curse)

@: invisible
A: negative energy resistance 1, electricity resistance, unbreathing,
petrification resistance, rot immunity, AC +4
a: no special abilities


You were on level 3 of the Dungeon.
You were hungry.

You visited 1 branch of the dungeon, and saw 3 of its levels.

You collected 91 gold pieces.


Innate Abilities, Weirdness & Mutations

You are resistant to torment.
Your stone body is resilient. (AC +4)
You are immune to poison.
You resist negative energy. (rN+)
You are resistant to electric shocks. (rElec)
You can survive without breathing.
You are immune to petrification.
You are immune to rotting.


   Skills:
 - Level 2.1 Fighting
 - Level 1.5 Dodging
 - Level 2.1 Stealth
 + Level 2.2 Spellcasting
 + Level 3.2 Conjurations
 + Level 3.3 Air Magic


You had 3 spell levels left.
You knew the following spells:

 Your Spells              Type           Power        Failure   Level  Hunger
a - Shock                 Conj/Air       ##..         8%          1    #......
l - Repel Missiles        Chrm/Air       #.....       17%         2    ###....
m - Swiftness             Chrm/Air       #.......     17%         2    ###....

Inventory:

Hand Weapons
 j - a +0 mace (weapon)
Armour
 a - a +0 robe (worn)
 p - a +0 ring mail
 t - a +0 cloak (worn)
Jewellery
 o - a cursed amulet of inaccuracy (around neck)
 u - a cursed ring of teleportation (left hand)
Scrolls
 g - 2 scrolls of immolation {!r}
 l - a scroll of fear
 q - a scroll of blinking {unknown}
 v - a scroll of recharging
Potions
 d - a potion of might {unknown}
 h - a potion of cancellation
 n - a potion of curing
 r - a potion of agility {unknown}
 s - a potion of degeneration {unknown}
Books
 b - a book of Air
Comestibles
 c - 2 bread rations
 f - a beef jerky
 k - 4 fruits
 m - a meat ration
 w - a chunk of flesh {@w1}

Dungeon Overview and Level Annotations

Branches:
Dungeon (3/15)

Altars:
Dithmenos

##!# #...## #.##
#.###..######.....# #.#
#.................. ..#
#####.####.##.....# .# #.#
#....#... #.# ##.#o##.# #o#
###o##.## #.######l#...##
.# #.)....@..#.#.## #.#
####...........# #.####
#.###..#(#.## #....## #.#
#.......###.....#
######r###............# .#
.........)..####......###..
#######.##### #..##..###..
#.# #<.###..#..# ...
#...##.....#


You could see an iguana and 2 orcs.


Message History

The iguana bites you but does no damage. x2
You barely miss the iguana.
The iguana is moderately wounded.
The iguana bites you but does no damage.
You barely miss the iguana.
The iguana is moderately wounded.
The iguana bites you.
* * * LOW HITPOINT WARNING * * *
Aiming: Shock You miscast Shock.
Wisps of vapour drift from your branches.
The iguana bites you.
* * * LOW HITPOINT WARNING * * *
You hit the iguana.
The iguana is heavily wounded.
The iguana bites you but does no damage.
The iguana bites you.
* * * LOW HITPOINT WARNING * * *
You miss the iguana.
The iguana is heavily wounded.
The iguana bites you but does no damage.
It was a potion of cancellation.
Your magical effects are unravelling.
Your magical contamination has completely faded away.
You feel magically purged. The iguana bites you.
* * * LOW HITPOINT WARNING * * *
It was a potion of invisibility.
You fade into invisibility!
You feel less woody. The iguana bites you.
You die...

Action                   |  1- 3 |  4- 6 || total
-------------------------+-------+-------++-------
Melee: Unarmed           |     2 |       ||     2
       Mace              |    36 |    42 ||    78
 Cast: Shock             |    85 |    50 ||   135
  Use: Scroll            |     4 |     1 ||     5
       Potion            |       |     4 ||     4
 Stab: Sleeping          |       |     1 ||     1
  Eat: Chunk             |     4 |       ||     4
       Meat ration       |       |     1 ||     1
Armor: Robe              |    30 |    29 ||    59
       Skin              |       |     7 ||     7
Dodge: Dodged            |    58 |    65 ||   123

Vault maps used:
D:1:      lightli_arrival_noodles, minmay_newt_pond
D:2:      ecumenical_altar_1
D:3:      nicolae_dithmenos_shadow_blocks

Notes
Turn   | Place    | Note
-------+----------+-------------------------------------------
     0 | D:1      | puppykicker the Gargoyle Air Elementalist began the quest for the Orb.
     0 | D:1      | Reached XP level 1. HP: 10/10 MP: 3/3
   287 | D:1      | Reached XP level 2. HP: 16/16 MP: 0/5
   301 | D:1      | Learned a level 2 spell: Repel Missiles
   304 | D:1      | Learned a level 2 spell: Swiftness
   481 | D:1      | Reached skill level 1 in Fighting
   938 | D:1      | Reached skill level 2 in Conjurations
   938 | D:1      | Reached XP level 3. HP: 20/20 MP: 2/6
  1835 | D:2      | Found a faded altar of an unknown god.
  1953 | D:2      | Reached skill level 3 in Air Magic
  1953 | D:2      | Reached XP level 4. HP: 11/26 MP: 0/7
  2576 | D:2      | Reached skill level 2 in Fighting
  3075 | D:3      | Found a shadowy altar of Dithmenos.
  3105 | D:3      | Reached skill level 3 in Conjurations
  3109 | D:3      | Reached XP level 5. HP: 18/30 MP: 0/8
  3157 | D:3      | Slain by an iguana

Vanquished Creatures
  A worker ant (D:3)
  3 adders
  2 oozes
  2 worms (D:2)
  4 giant geckos
  An orc (D:3)
  A ball python (D:1)
  8 bats
  3 giant cockroaches (D:1)
  3 goblins (D:1)
  7 hobgoblins
  5 jackals (D:2)
  2 quokkas
  11 giant newts
  4 kobolds
  7 rats
64 creatures vanquished.
